 Dungeon Crawl Stone Soup version 0.29.1-12-g30fa7ad0bf (webtiles) character file.

Game seed: 13664715745551149358

30 DildoBatman the Conjurer (level 3, -4/26 HPs)
             Began as a Formicid Conjurer on Jan 3, 2023.
             Killed from afar by Sigmund (7 damage)
             ... with a magic dart
             ... on level 2 of the Dungeon.
             The game lasted 00:02:08 (1247 turns).

DildoBatman the Conjurer (Formicid Conjurer)        Turns: 1247, Time: 00:02:09

Health: -4/26      AC:  2    Str: 11    XL:     3   Next: 37%
Magic:  6/6        EV: 12    Int: 19    God:
Gold:   86         SH:  0    Dex: 12    Spells: 4/7 levels left

rFire   . . .      SeeInvis +   f - +0 short sword
rCold   . . .      Faith    .   (no shield)
rNeg    . . .      Spirit   .   a - +0 robe
rPois   .          Reflect  .   (helmet unavailable)
rElec   .          Harm     .   (no cloak)
rCorr   .          Rampage  .   (no gloves)
Will    .....                   (no boots)
Stlth   +.........              (no amulet)
HPRegen 0.08/turn               (no ring)
MPRegen 0.10/turn               (no ring)

@: confused
A: permanent stasis, dig shafts and tunnels, antennae 3, four strong arms
a: Dig, Shaft Self


You were on level 2 of the Dungeon.
You visited 1 branch of the dungeon, and saw 2 of its levels.

You collected 86 gold pieces.

Inventory:

Hand Weapons
 c - a +0 hand axe
 f - a +0 short sword (weapon)
Missiles
 e - 25 stones
 i - 4 poisoned darts
 m - 2 javelins
Armour
 a - a +0 robe (worn)
Scrolls
 h - a scroll of enchant weapon {unknown}
 j - a scroll of noise {unknown}
 k - a scroll of blinking {unknown}
 l - 2 scrolls of identify {unknown}
 n - 3 scrolls of teleportation {unknown}
Potions
 b - a potion of magic
 d - a potion of brilliance {unknown}
 g - 2 potions of attraction {unknown}


   Skills:
 * Level 1.1 Fighting
 * Level 1.2 Armour
 - Level 2.0 Dodging
 - Level 2.4 Stealth
 * Level 2.5 Spellcasting
 * Level 3.8 Conjurations


You had 4 spell levels left.
You knew the following spells:

 Your Spells              Type           Power      Damage    Failure   Level
a - Searing Ray           Conj           34%        2d5       4%          2
c - Magic Dart            Conj           68%        1d6       3%          1

Your spell library contained the following spells:

 Spells                   Type           Power      Damage    Failure   Level
 Dazzling Flash           Conj/Hex       18%        N/A       22%         3
 Fulminant Prism          Conj/Hex       4%         3d6       58%         4
 Iskenderun's Mystic Bla  Conj/Tloc      9%         2d4       58%         4


Dungeon Overview and Level Annotations

Branches:
Dungeon (2/15)

Altars:

Annotations:
D:2 Sigmund


Innate Abilities, Weirdness & Mutations

You cannot be hasted, slowed, berserked, paralysed or teleported.
You can dig through walls and to a lower floor.
You have a pair of large antennae on your head. (SInv)
Your four strong arms can wield two-handed weapons with a shield.


Message History

Found a stone staircase leading down.
You open the large door.
There is a large open door here.
You sense a monster nearby.
Found a ring mail.
You sense a monster nearby.
You see here a +0 ring mail.
Sigmund the Dreaded comes into view.
He is wielding a +0 scythe.
Sigmund shouts!
Sigmund points at you and mumbles some strange words.
You are confused.
You see here a +0 ring mail.
You bump into the rock wall.
You bump into the rock wall.
Sigmund misses you.
You bump into the rock wall.
Sigmund closely misses you.
You feel less confused. Sigmund hits you but does no damage.
You see here a +0 ring mail.
Sigmund laughs darkly.
Sigmund screams, "Only death can liberate you!"
Sigmund casts a spell at you. The magic dart hits you.
Sigmund casts a spell at you.
You are confused.
Sigmund points at you and mumbles some strange words.
You resist with some effort.
You bump into the rock wall.
Sigmund screams, "I am the angel of ZOT!!!"
Sigmund hits you from afar with a +0 scythe!
Sigmund gestures at you while chanting.
You are more confused.
You bump into the rock wall.
Sigmund casts a spell at you. The puff of flame hits you!
You bump into the rock wall.
Sigmund points at you and mumbles some strange words.
The magic dart hits you!
You die...

#...'..........
####.###...##+#.##
#....#....###.....
#.#############.##
#.# .........# #.#
#.####.#.## #.#
#.#... #.# #.#..#
#@# #.#..# #.#
..#..# #.# #.#..#
#@# #.#..# #.# {
#..# #.# #..# #.#
#.# #.# #


You could see Sigmund.

Vanquished Creatures
  A worm (D:2)
  A dart slug (D:1)
  A ball python (D:2)
  3 endoplasms
  A giant cockroach (D:1)
  3 goblins (D:1)
  2 hobgoblins (D:1)
  2 kobolds (D:1)
  3 quokkas (D:1)
  A bat (D:1)
  3 frilled lizards
  2 rats
23 creatures vanquished.

Notes
Turn   | Place    | Note
-------+----------+-------------------------------------------
     0 | D:1      | DildoBatman the Formicid Conjurer began the quest for the
                  | Orb.
     0 | D:1      | Reached XP level 1. HP: 13/13 MP: 3/3
   354 | D:1      | Reached XP level 2. HP: 20/20 MP: 0/5
   357 | D:1      | Learned a level 2 spell: Searing Ray
   689 | D:1      | Reached skill level 1 in Armour
   753 | D:1      | Reached skill level 1 in Fighting
   753 | D:1      | Reached XP level 3. HP: 26/26 MP: 1/6
  1215 | D:2      | Noticed Sigmund
  1247 | D:2      | Killed from afar by Sigmund

Illustrated notes

Levels and vault maps discovered:
D:1:      dpeg_arrival_boxes_within_box, layout_rooms
D:2:      minmay_door_path, layout_basic, nicolae_ecumenical_oubliette,
          basic_altar, uniq_sigmund, uniq_robin, uniq_natasha

Skill      XL: |  1  2 |
---------------+-------+-----
Dodging        | 2 |  2.0
Armour         | 1 |  1.2
Fighting       | 1 |  1.1
Stealth        | |  2.4
Spellcasting   | |  2.5
Conjurations   | |  3.8

Action                   || total
-------------------------++-------
Melee: Short sword       ||     7
 Cast: Magic Dart        ||    50
       Searing Ray       ||     1
Armor: Robe              ||     3
Dodge: Dodged            ||     9
